 Dungeon Crawl Stone Soup version 0.25-a0-781-gc44aebf4fe (webtiles) character file.

Game seed: 1513097266787654400, levelgen mode: deterministic

41540 Conn the Cleaver (level 14, -3/145 HPs)
             Began as an Octopode Wizard on Apr 15, 2020.
             Was a High Priest of Vehumet.
             Slain by a wyvern (11 damage)
             ... on level 6 of the Lair of Beasts.
             The game lasted 01:44:42 (14985 turns).

Conn the Cleaver (Octopode Wizard)                 Turns: 14985, Time: 01:44:43

Health: -3/145     AC: 30    Str: 11    XL:     14   Next: 15%
Magic:  19/28      EV:  2    Int: 31    God:    Vehumet [*****.]
Gold:   1186       SH:  4    Dex: 11    Spells: 10/34 levels left

rFire    + . .     SeeInvis +   h - +8 mithril axe "Arga" {speed, MR+}
rCold    + . .     Gourm    .   F - +0 buckler
rNeg     + + +     Faith    .   (helmet currently unavailable)
rPois    +         Spirit   .   g - amulet of regeneration
rElec    .         Reflect  .   j - +3 ring of protection
rCorr    .         Harm     .   t - ring "Fanosodd" {+Blink rPois Int+4 Slay+3}
MR       ++...     NoTele   +   (no ring)
Stlth    ++++......             m - ring of protection from fire
HPRegen  0.74/turn              a - ring of protection from fire
MPRegen  0.21/turn              H - ring of ice
                                L - ring of stealth
                                o - ring "Qeoliewe" {EV+3 Int+7 SInv}

@: tree-form
A: almost no armour, stealthy swim, (amphibious), 8 rings, (constrict 8)
a: Renounce Religion, Evoke Blink


You were on level 6 of the Lair of Beasts.
You worshipped Vehumet.
Vehumet was extremely pleased with you.
You were not hungry.
You were a tree.
You visited 2 branches of the dungeon, and saw 14 of its levels.
You also visited: Ossuary and Ice Cave.

You collected 1186 gold pieces.

Inventory:

Hand Weapons
 d - a cursed +7 great sword
 h - the +8 mithril axe "Arga" (weapon) {speed, MR+}
   (You found it on level 4 of the Dungeon)

   Attacks with this weapon are significantly faster.
   It affects your resistance to hostile enchantments.
Missiles
 p - 18 boomerangs
 C - 5 boomerangs of dispersal (quivered)
Armour
 n - a +2 hat (melded)
 F - a +0 buckler (worn)
Magical Staves
 r - an uncursed staff of earth
Jewellery
 a - a ring of protection from fire (on tentacle)
 g - an amulet of regeneration (around neck)
 j - a +3 ring of protection (left branch)
 m - a ring of protection from fire (on tentacle)
 o - the ring "Qeoliewe" (on tentacle) {EV+3 Int+7 SInv}
   (You acquired it in an ice cave)

   [ring of evasion]

   It affects your evasion (+3).
   It affects your intelligence (+7).
   It lets you see invisible.
 t - the ring "Fanosodd" (right branch) {+Blink rPois Int+4 Slay+3}
   (You found it in an ice cave)

   [ring of intelligence]

   It affects your intelligence (+4).
   It affects your accuracy and damage with ranged weapons and melee attacks
   (+3).
   It protects you from poison.
   It lets you blink.
 w - an uncursed amulet of guardian spirit
 B - an uncursed ring of flight
 H - a ring of ice (on tentacle)
 J - an uncursed ring of poison resistance
 L - a ring of stealth (on tentacle)
 Q - an uncursed ring of protection from fire
Wands
 k - a wand of scattershot (7)
 A - a wand of enslavement (7)
 D - a wand of digging (11)
 E - a wand of acid (16)
 K - a wand of polymorph (18)
 M - a wand of clouds (10)
 N - a wand of iceblast (8)
 P - a wand of flame (22)
Scrolls
 f - 12 scrolls of identify
 v - a scroll of fog
 O - 2 scrolls of amnesia
Potions
 e - a potion of magic
 i - 2 potions of resistance
 q - 4 potions of stabbing
 z - a potion of brilliance
Comestibles
 b - 16 chunks of flesh
 c - 40 rations


   Skills:
 - Level 9.6 Fighting
   Level 0.7 Short Blades
 - Level 12.8 Axes
 + Level 5.9 Dodging
 - Level 6.6 Stealth
 + Level 1.7 Shields
 * Level 10.6 Spellcasting
 * Level 8.9 Conjurations
 - Level 5.4 Summonings
 + Level 2.9 Translocations
 + Level 1.5 Fire Magic
 + Level 4.2 Air Magic
 + Level 4.8 Poison Magic
 + Level 1.0 Evocations


You had 10 spell levels left.
You knew the following spells:

 Your Spells              Type           Power        Failure   Level  Hunger
a - Magic Dart            Conj           ####         1%          1    None
b - Blink                 Tloc           N/A          1%          2    None
c - Call Imp              Summ           ######..     1%          2    None
d - Conjure Flame         Conj/Fire      #####...     1%          3    None
e - Mephitic Cloud        Conj/Pois/Air  ######..     1%          3    None
f - Freeze                Ice            ###.         1%          1    None
g - Foxfire               Conj/Fire      ####         1%          1    None
h - Spellforged Servitor  Conj/Summ      ######....   41%         7    ######.
i - Airstrike             Air            #####.....   1%          4    None

Your spell library contained the following spells:

 Spells                   Type           Power        Failure   Level  Hunger
 Iskenderun's Battlesphe  Conj/Chrm      #####...     5%          5    ###....
 Summon Small Mammal      Summ           ####         1%          1    None
 Call Canine Familiar     Summ           ######..     1%          3    None
 Gell's Gravitas          Tloc           #####.....   3%          3    None
 Animate Skeleton         Necr           N/A          4%          1    None
 Pain                     Necr           ###.         4%          1    None
 Summon Guardian Golem    Hex/Summ       ####....     4%          3    None
 Summon Lightning Spire   Summ/Air       #####...     5%          4    None
 Slow                     Hex            ###.....     6%          2    None
 Confusing Touch          Hex            ###.....     12%         3    None
 Vampiric Draining        Necr           ###.......   12%         3    None
 Summon Ice Beast         Ice/Summ       #####...     13%         4    None
 Yara's Violent Unravell  Hex/Tmut       ###.......   28%         5    ###....
 Animate Dead             Necr           N/A          38%         4    None
 Petrify                  Tmut/Erth      ###.....     38%         4    None
 Agony                    Necr           ###.....     75%         5    ###....
 Metabolic Englaciation   Hex/Ice        ###.......   75%         5    ###....


Dungeon Overview and Level Annotations

Branches:
Dungeon (8/15)             Temple (0/1) D:7            Lair (6/6) D:8
 Shoals (0/4) Lair:4       Spider (0/4) Lair:2        Slime (0/5) Lair:6
Ossuary (visited)           IceCv (visited)

Altars:
Dithmenos
Fedhas
Hepliaklqana
Kikubaaqudgha
Ru
Sif Muna
Uskayaw
Vehumet
Wu Jian
Zin
The Shining One
Jiyva

Annotations:
D:3 harlaan's ghost, amateur DESu


Innate Abilities, Weirdness & Mutations

You cannot wear most types of armour.
You are very stealthy in the water. (Stealth+)
((You are amphibious.))
You can wear up to eight rings at the same time.
((You can use your tentacles to constrict eight enemies at once.))
((Your skin changes colour to match your surroundings (Stealth+).))
((Your rubbery body absorbs attacks. (AC +1, EV +1)))


Message History

* * * LOW HITPOINT WARNING * * *
The wyvern bites you!
* * * LOW HITPOINT WARNING * * *
You feel better.
The guardian serpent hits you but does no damage.
The wyvern bites you but does no damage.
The komodo dragon bites you.
* * * LOW HITPOINT WARNING * * *
You slice the guardian serpent!!
You kill the guardian serpent!
Vehumet accepts your kill.
You feel your power returning.
You hit the wyvern. You slash the komodo dragon!
You kill the komodo dragon!
Vehumet accepts your kill.
Vehumet offers you knowledge of Iskenderun's Battlesphere.
The wyvern bites you but does no damage.
You barely miss the wyvern.
The wyvern is almost dead.
You closely miss the hornet. The wyvern bites you!
You die...

## ##.# ### ###
#.#.###########.## ##.#
#...###.#.#♣§##.§##..P#...##
.........§§ylY......†...P..)
.........§§§§§..#.#.§.§PP≈..
..............≈≈≈≈.F..#≈≈≈..
..............≈≈≈≈.....≈≈≈≈.
.............≈≈≈≈≈.....≈≈≈P.
.............≈≈≈≈≈≈....≈≈≈..
.............≈#.#≈....#≈≈≈..
.............#....P.........


You could see a hornet, a wyvern and a dream sheep.

Vanquished Creatures
  The ghost of Megalobster the Severer, a journeyman MiBe of Trog (Lair:1)
  5 death yaks (Lair:6)
  An ugly thing (IceCv)
  10 elephants
  6 black mambas
  A guardian serpent (Lair:6)
  2 ice statues (IceCv)
  11 spiny frogs
  7 komodo dragons
  A kobold demonologist (D:8)
  6 rime drakes
  Maggie (D:7)
  A queen bee (Lair:5)
  2 trolls
  A polar bear (Lair:6)
  3 meliai (Lair:5)
  2 hornets (Lair:6)
  17 blink frogs
  10 hippogriffs
  9 dream sheep (Lair:6)
  A redback (Lair:6)
  30 yaks
  10 wyverns (Lair:6)
  2 steam dragons (Lair:6)
  A basilisk (Lair:1)
  Menkaure (D:7)
  19 water moccasins
  5 porcupines
  8 ice beasts
  3 orc warriors
  3 sky beasts (D:6)
  4 ogres
  A phantom (D:7)
  11 wolves
  A centaur (D:6)
  12 crocodiles
  4 big kobolds (D:8)
  6 bullfrogs
  20 killer bees (Lair:5)
  5 wights
  9 electric eels
  3 howler monkeys (D:6)
  7 hounds
  A quasit (D:7)
  3 jellies (D:8)
  15 orc wizards
  3 orc priests
  A centaur skeleton (D:7)
  Jessica (D:2)
  2 iguanas (Lair:6)
  3 worker ants
  8 adders
  4 shadow imps
  12 white imps (Lair:4)
  2 adder zombies (Ossuary)
  5 oozes (D:8)
  A worm (D:3)
  A dart slug (D:1)
  2 leopard geckos
  24 orcs
  3 giant cockroaches
  7 hobgoblins
  13 jackals
  28 kobolds
  3 quokkas
  6 bats
  2 frilled lizards
  2 goblins (D:1)
  3 hobgoblin skeletons (Ossuary)
  10 kobold skeletons (D:8)
  10 kobold zombies
  An orc zombie (Ossuary)
  7 rats
  A butterfly (Lair:4)
  11 fungi
  6 plants
464 creatures vanquished.

Vanquished Creatures (collateral kills)
  A hydra (Lair:5)
  Fannar (Lair:2)
  2 elephants (Lair:5)
  An ice beast (D:5)
  A worker ant (D:3)
  3 adders
  A leopard gecko (D:2)
  A bat (D:2)
  A goblin (D:3)
  A hobgoblin (D:3)
  2 ball pythons (D:3)
  A frilled lizard (D:2)
16 creatures vanquished.

Vanquished Creatures (others)
  An ugly thing (IceCv)
  143 foxfires
  16 fungi (Lair:6)
  34 plants
194 creatures vanquished.

Grand Total: 674 creatures vanquished

Notes
Turn   | Place    | Note
-------+----------+-------------------------------------------
     0 | D:1      | Conn the Octopode Wizard began the quest for the Orb.
     0 | D:1      | Reached XP level 1. HP: 11/11 MP: 4/4
    92 | D:1      | Reached XP level 2. HP: 17/17 MP: 0/6
   181 | D:1      | Learned a level 2 spell: Blink
   184 | D:1      | Learned a level 2 spell: Call Imp
   696 | D:2      | Reached XP level 3. HP: 11/21 MP: 1/8
   809 | D:2      | Learned a level 3 spell: Conjure Flame
   859 | D:2      | Found a radiant altar of Vehumet.
   940 | D:2      | Became a worshipper of Vehumet
  1323 | D:2      | Noticed Jessica
  1330 | D:2      | Killed Jessica
  1330 | D:2      | Reached XP level 4. HP: 27/27 MP: 10/10
  1696 | D:3      | Found a sacrificial altar of Ru.
  1867 | D:3      | Found a runed translucent door.
  1867 | D:3      | Noticed harlaan's ghost (amateur DESu)
  1873 | D:3      | Learned a level 3 spell: Mephitic Cloud
  1934 | D:3      | Reached XP level 5. HP: 22/32 MP: 2/11
  1946 | D:3      | Found a runed translucent door.
  2295 | D:3      | Found a blossoming altar of Fedhas.
  2341 | D:3      | Reached * piety under Vehumet
  2341 | D:3      | Offered knowledge of Freeze by Vehumet.
  2568 | D:3      | Reached skill level 1 in Fighting
  2799 | D:3      | Learned a level 1 spell: Freeze
  2925 | D:4      | Noticed an ogre
  2939 | D:4      | Killed an ogre
  2939 | D:4      | Reached XP level 6. HP: 39/39 MP: 0/13
  3007 | D:4      | Found a glowing silver altar of Zin.
  3065 | D:4      | Found a sand-covered staircase.
  3070 | Ossuary  | Entered an ossuary
  3187 | Ossuary  | Noticed a wraith
  3187 | Ossuary  | Noticed a flying skull
  3195 | Ossuary  | Noticed a flying skull
  3203 | Ossuary  | Noticed a flying skull
  3356 | Ossuary  | Noticed a wraith
  3363 | Ossuary  | Noticed a flying skull
  3364 | Ossuary  | Noticed a flying skull
  3557 | D:4      | Reached skill level 5 in Spellcasting
  3566 | D:4      | Found the +8 mithril axe "Arga" {speed, MR+}
  3634 | D:4      | Reached XP level 7. HP: 41/45 MP: 10/14
  3859 | D:5      | Entered Level 5 of the Dungeon
  3890 | D:5      | Reached skill level 1 in Axes
  4076 | D:5      | Found a shadowy altar of Dithmenos.
  4110 | D:5      | Offered knowledge of Foxfire by Vehumet.
  4117 | D:5      | Learned a level 1 spell: Foxfire
  4198 | D:5      | Found a glowing golden altar of the Shining One.
  4204 | D:5      | Reached ** piety under Vehumet
  4204 | D:5      | Reached skill level 2 in Axes
  4448 | D:6      | Reached XP level 8. HP: 22/52 MP: 5/17
  4746 | D:6      | Reached skill level 3 in Axes
  4746 | D:6      | Reached skill level 1 in Air Magic
  4938 | D:6      | Found a hazy altar of Hepliaklqana.
  5033 | D:6      | Noticed a troll
  5047 | D:6      | Killed a troll
  5047 | D:6      | Reached skill level 4 in Axes
  5047 | D:6      | Reached skill level 5 in Stealth
  5047 | D:6      | Reached skill level 1 in Poison Magic
  5059 | D:6      | Reached skill level 5 in Axes
  5203 | D:6      | Found an ornate altar of the Wu Jian Council.
  5276 | D:6      | Reached XP level 9. HP: 58/58 MP: 11/18
  5450 | D:7      | Noticed Maggie
  5460 | D:7      | Noticed Menkaure
  5625 | D:6      | Reached skill level 6 in Axes
  5695 | D:7      | Offered knowledge of Dazzling Flash by Vehumet.
  5987 | D:7      | Reached *** piety under Vehumet
  6128 | D:7      | Learned a level 3 spell: Dazzling Flash
  6133 | D:7      | Found a staircase to the Ecumenical Temple.
  6179 | D:7      | Killed Menkaure
  6243 | D:7      | Reached skill level 7 in Axes
  6296 | D:7      | Killed Maggie
  6296 | D:7      | Reached skill level 5 in Fighting
  6439 | D:7      | Found a shimmering blue altar of Sif Muna.
  6536 | D:8      | Found a hide-covered altar of Uskayaw.
  6673 | D:8      | Reached XP level 10. HP: 43/66 MP: 17/20
  6674 | D:8      | Offered knowledge of Airstrike by Vehumet.
  6674 | D:8      | Reached skill level 8 in Axes
  7012 | D:8      | Found a staircase to the Lair.
  7033 | D:8      | Reached skill level 1 in Fire Magic
  7091 | D:8      | Learned a level 4 spell: Airstrike
  7321 | D:8      | Reached **** piety under Vehumet
  7328 | D:8      | Offered knowledge of Sticky Flame by Vehumet.
  7345 | D:8      | Noticed a kobold demonologist
  7366 | D:8      | Killed a kobold demonologist
  7386 | D:8      | Found an ancient bone altar of Kikubaaqudgha.
  7399 | D:8      | Reached ***** piety under Vehumet
  7974 | D:8      | Reached skill level 9 in Axes
  7976 | D:8      | Offered knowledge of Spellforged Servitor by Vehumet.
  8080 | Lair:1   | Entered Level 1 of the Lair of Beasts
  8633 | Lair:1   | Reached XP level 11. HP: 72/72 MP: 22/22
  8724 | Lair:1   | Found a runed translucent gate.
  8726 | Lair:1   | Found a runed translucent gate.
  8727 | Lair:1   | Found a runed translucent gate.
  8727 | Lair:1   | Noticed Megalobster's ghost (journeyman MiBe)
  8774 | Lair:1   | Reached skill level 10 in Axes
  9187 | Lair:1   | Learned a level 7 spell: Spellforged Servitor
  9223 | Lair:1   | Killed Megalobster's ghost
  9460 | Lair:2   | Reached skill level 5 in Conjurations
  9574 | Lair:2   | Found a hole to the Spider Nest.
  9583 | Lair:2   | Noticed Fannar
  9594 | Lair:2   | Killed Fannar
  9610 | Lair:2   | Got an ichor-stained hunting sling
  9611 | Lair:2   | Identified the cursed +0 hunting sling "Voefranu" {speed,
                  | Str+4} (You found it on level 2 of the Lair of Beasts)
 10606 | Lair:3   | Reached XP level 12. HP: 55/81 MP: 24/24
 10793 | Lair:3   | Reached skill level 5 in Summonings
 10805 | Lair:3   | Reached skill level 11 in Axes
 11198 | Lair:4   | Offered knowledge of Hailstorm by Vehumet.
 11244 | Lair:4   | Found a frozen archway.
 11286 | IceCv    | Entered an ice cave
 11302 | IceCv    | Found a transporter.
 11318 | IceCv    | Identified a scroll of acquirement
 11318 | IceCv    | Identified the ring "Qeoliewe" {EV+3 Int+7 SInv} (You
                  | acquired it in an ice cave)
 11321 | IceCv    | Found a transporter.
 11363 | IceCv    | Got a pitted steel ring
 11437 | IceCv    | Identified the ring "Fanosodd" {+Blink rPois Int+4 Slay+3}
                  | (You found it in an ice cave)
 11804 | Lair:4   | Found a staircase to the Shoals.
 12188 | Lair:5   | Noticed a five-headed hydra
 12199 | Lair:5   | Killed a five-headed hydra
 12220 | Lair:5   | Reached skill level 1 in Shields
 12762 | Lair:5   | Reached skill level 12 in Axes
 12946 | Lair:5   | Reached XP level 13. HP: 89/89 MP: 26/26
 13127 | Lair:5   | Offered knowledge of Ozocubu's Refrigeration by Vehumet.
 13439 | Lair:6   | Entered Level 6 of the Lair of Beasts
 13918 | Lair:6   | Found a viscous altar of Jiyva.
 13918 | Lair:6   | Found a staircase to the Slime Pits.
 13955 | Lair:6   | Reached skill level 10 in Spellcasting
 14426 | Lair:6   | Reached skill level 5 in Dodging
 14800 | Lair:6   | Reached XP level 14. HP: 97/97 MP: 19/28
 14980 | Lair:6   | Reached skill level 1 in Evocations
 14981 | Lair:6   | HP: 6/145 [komodo dragon (9)]
 14982 | Lair:6   | HP: 2/145 [wyvern (10)]
 14984 | Lair:6   | Offered knowledge of Iskenderun's Battlesphere by Vehumet.
 14985 | Lair:6   | Slain by a wyvern

Levels and vault maps discovered:
D:1:      minmay_arrival_diagonal_passages, layout_rooms
D:2:      layout_basic, vehumet_crystals, st_stairs_5, uniq_jessica
D:3:      layout_loops_ring, nicolae_overflow_hidden_temple,
          fedhas_ov_isle_minmay, ebering_ghost_sewer_f, minmay_box_of_dots
D:4:      layout_cave_pools, zin_treasury, first_ration, enter_ossuary_2,
          minmay_misc_feat_chi
D:5:      layout_rooms, lemuel_crystal_altar, grunt_dithmenos_smoke_and_mirrors
D:6:      layout_basic, nicolae_overflow_crystal_walls, kennysheep_mini_moat,
          kennysheep_opposing_triangles
D:7:      layout_rooms, led_sif_pool, minmay_temple_entry_trees,
          chequers_big_river, uniq_menkaure, uniq_maggie
D:8:      wander_kiku_kobolds, layout_cave_pods, lemuel_crystal_altar,
          erik_lair_island, grunt_decor_one_mirror,
          hangedman_little_slice_of_home, ebering_dispersal_statue_hall
Lair:1:   layout_gridlike, ebering_ghost_rock_garden
Lair:2:   layout_long_grid, spider_nest_entry_web_field, minivault_11,
          lemuel_fruit_fields, uniq_fannar
Lair:3:   layout_misc_corridors, infiniplex_staircase_pool, lemuel_fruit_fields
Lair:4:   layout_gridlike, shoals_dummy_entry, portal_ice_cave_entry_imps,
          lemuel_fruit_tree
Lair:5:   layout_gridlike, special_room [special_room_bee]
Lair:6:   hangedman_lair_tendril_chambers, layout_gridlike,
          guppyfry_lair_end_dragon, slime_altar_1

Skill      XL: |  1  2  3  4  5  6  7  8  9 10 11 12 13 14 |
---------------+-------------------------------------------+-----
Stealth        | 3 4 5 6 |  6.6
Spellcasting   | 4 5 6 7 8 9 10 | 10.6
Fighting       | 2 3 4 5 6 7 8 9 |  9.6
Summonings     | 2 3 4 5 |  5.4
Axes           | 2 5 7 9 10 12 | 12.8
Conjurations   | 2 3 4 5 6 8 |  8.9
Air Magic      | 1 3 4 |  4.2
Poison Magic   | 1 3 4 |  4.8
Dodging        | 3 4 5 |  5.9
Fire Magic     | 1 |  1.5
Translocations | 2 |  2.9
Shields        | 1 |  1.7
Evocations     | 1 |  1.0
Short Blades   | |  0.7

Action                   |  1- 3 |  4- 6 |  7- 9 | 10-12 | 13-15 || total
-------------------------+-------+-------+-------+-------+-------++-------
Melee: Unarmed           |    12 |       |       |       |       ||    12
       Constrict         |    12 |    29 |    28 |    43 |    33 ||   145
       Tentacles         |     5 |    25 |    21 |    73 |    34 ||   158
       Dagger            |    40 |   121 |       |       |       ||   161
       Broad axe         |       |     5 |   153 |   447 |   226 ||   831
Throw: Boomerang         |       |     1 |       |       |     1 ||     2
 Cast: Magic Dart        |    20 |    30 |    31 |    61 |    13 ||   155
       Call Imp          |     4 |    15 |     3 |     1 |       ||    23
       Blink             |     1 |     8 |     1 |    10 |    19 ||    39
       Mephitic Cloud    |       |     6 |    29 |    38 |    55 ||   128
       Conjure Flame     |       |     3 |     2 |     2 |       ||     7
       Foxfire           |       |       |    15 |    62 |     5 ||    82
Evoke: Wand              |       |       |       |     3 |     3 ||     6
  Use: Scroll            |     3 |       |     1 |    20 |     7 ||    31
       Potion            |       |    11 |     1 |     6 |     9 ||    27
 Stab: Sleeping          |     3 |    12 |     3 |    11 |       ||    29
       Confused          |       |     2 |     4 |    26 |    24 ||    56
       Distracted        |       |       |     1 |     1 |       ||     2
       Invisible         |       |       |       |       |    12 ||    12
  Eat: Chunk             |     1 |     6 |     9 |    17 |     6 ||    39
       Ration            |       |     1 |       |     1 |       ||     2
Armor: Skin              |     7 |    44 |    26 |    55 |    37 ||   169
Dodge: Dodged            |    37 |    71 |    71 |   197 |   167 ||   543
Block: Buckler           |       |       |       |    31 |    33 ||    64

Table legend:
 A = Non-vault XP
 B = Vault XP
 C = Vault XP percentage of total XP
 D = Non-vault monster count
 E = Vault monster count
 F = Vault count percentage of total count
                 A         B        C        D         E       F
            +---------+---------+-------+---------+---------+-------
      Total |   39995 |   19349 |  32.6 |     282 |     181 |  39.1
            +---------+---------+-------+---------+---------+-------
        D:1 |      19 |       0 |   0.0 |      12 |       0 |   0.0
        D:2 |      40 |      52 |  56.5 |      13 |       4 |  23.5
        D:3 |     128 |      27 |  17.4 |      23 |       7 |  23.3
        D:4 |     372 |       0 |   0.0 |      14 |       0 |   0.0
        D:5 |     354 |       0 |   0.0 |       7 |       0 |   0.0
        D:6 |    1445 |      97 |   6.3 |      26 |       2 |   7.1
        D:7 |    1180 |     548 |  31.7 |      27 |       2 |   6.9
        D:8 |     701 |    1946 |  73.5 |      17 |      69 |  80.2
     Lair:1 |    4005 |     957 |  19.3 |      25 |       1 |   3.8
     Lair:2 |    2857 |     822 |  22.3 |      14 |       1 |   6.7
     Lair:3 |    4043 |       0 |   0.0 |      21 |       0 |   0.0
     Lair:4 |    3685 |     123 |   3.2 |      15 |      12 |  44.4
     Lair:5 |    6979 |    2069 |  22.9 |      29 |      24 |  45.3
     Lair:6 |   14187 |    9911 |  41.1 |      39 |      40 |  50.6
    Ossuary |       0 |      77 | 100.0 |       0 |       9 | 100.0
      IceCv |       0 |    2720 | 100.0 |       0 |      10 | 100.0
            +---------+---------+-------+---------+---------+-------
